 Dungeon Crawl Stone Soup version 0.16.2-12-gd0ad4c3 (webtiles) character file.

206868 magipi the Severer (level 18, -3/154 HPs)
             Began as a Ghoul Gladiator on Nov 26, 2015.
             Was the Champion of Kikubaaqudgha.
             Slain by a slime creature (11 damage)
             ... on level 2 of the Pits of Slime on Nov 27, 2015.
             The game lasted 04:32:43 (29942 turns).

magipi the Severer (Ghoul Gladiator)               Turns: 29942, Time: 04:32:43

Health: -3/154     AC: 29    Str: 26    XL:     18   Next: 21%
Magic:  31/31      EV: 25    Int:  9    God:    Kikubaaqudgha [******]
Gold:   3296       SH:  0    Dex: 20    Spells: 6 memorised, 10 levels left

rFire  + . .     SeeInvis +     a - +4 hand axe (elec)
rCold  + . .     Clarity  .     f - +5 scale mail "Tyipojoe" {rF+ rCorr Dex+4}
rNeg   + + +     SustAb   .     (no shield)
rPois  ∞         Gourm    .     u - +2 helmet
rElec  .         Spirit   .     P - +2 cloak
rCorr  +         Warding  .     c - +2 pair of gloves
rMut   .         Stasis   .     D - +2 pair of boots
MR     +....                    J - amulet of resist corrosion
Stlth  +.........               i - ring "Decuash" {AC+1 SInv}
                                y - +2 ring of intelligence

@: mighty, agile, rotting, somewhat resistant to hostile enchantments, very
unstealthy
A: rotting body, claws 1, carnivore 3, cold resistance 1, negative energy
resistance 3, poison resistance, slow healing 1, torment resistance, unbreathing
a: Receive Corpses, Torment, Renounce Religion
}: 2/15 runes: barnacled, gossamer


You were on level 2 of the Pits of Slime.
You worshipped Kikubaaqudgha.
Kikubaaqudgha was exalted by your worship.
You were not hungry.

You visited 7 branches of the dungeon, and saw 40 of its levels.
You also visited: Labyrinth, Sewer and Ice Cave.

You collected 3930 gold pieces.
You spent 634 gold pieces at shops.

Inventory:

Hand weapons
 a - a +4 hand axe of electrocution (weapon)
 h - the +8 Wrath of Trog {antimagic, *Rage}
   (You acquired it on level 4 of the Orcish Mines)

   It disrupts the flow of magical energy around spellcasters and certain
   magical creatures (including the wielder).
   It may make you go berserk in combat.
 V - the +5 battleaxe "Acarinebane" {chop, +Rage rN+ SInv}
   (You found it on level 5 of the Shoals)

   It inflicts extra damage upon your enemies.
   It protects you from negative energy.
   It enhances your eyesight.
   It lets you go berserk.
Missiles
 q - 61 javelins (quivered)
 E - 9 throwing nets
 U - 16 javelins of penetration
Armour
 c - a +2 pair of gloves (worn)
 f - the +5 scale mail "Tyipojoe" (worn) {rF+ rCorr Dex+4}
   (You found it on level 4 of the Dungeon)

   It affects your dexterity (+4).
   It protects you from fire.
   It protects you from acid and corrosion.
 u - a +2 helmet (worn)
 D - a +2 pair of boots (worn)
 P - a +2 cloak (worn)
Jewellery
 i - the ring "Decuash" (right hand) {AC+1 SInv}
   (You found it on level 5 of the Shoals)

   [ring of protection]

   It affects your AC (+1).
   It enhances your eyesight.
 s - an uncursed ring of teleport control
 t - an uncursed ring of teleportation
 y - a +2 ring of intelligence (left hand)
 J - an amulet of resist corrosion (around neck)
 M - an uncursed ring of invisibility
 X - an uncursed amulet of guardian spirit
Magical devices
 v - a wand of disintegration (2)
 I - a wand of digging (7)
 K - a wand of paralysis (1)
 L - a wand of polymorph (9)
 Q - a wand of confusion (21)
Scrolls
 d - 6 scrolls of magic mapping
 m - 5 scrolls of fog
 x - a scroll of summoning
 B - a scroll of blinking
 C - 5 scrolls of fear
 F - 7 scrolls of recharging
 H - 2 scrolls of teleportation
 S - 6 scrolls of remove curse
 W - 3 scrolls of identify
Potions
 e - a potion of might
 o - 3 potions of cancellation
 p - 7 potions of haste
 r - 2 potions of curing
 z - a potion of agility
 N - a potion of resistance
 R - 2 potions of restore abilities
Miscellaneous
 k - a phantom mirror
 G - a lamp of fire
Comestibles
 l - 18 meat rations


   Skills:
 - Level 11.8 Fighting
 + Level 16.8 Axes
 - Level 3.3 Throwing
 - Level 11.0 Armour
 - Level 12.0 Dodging
 - Level 6.3 Spellcasting
 - Level 5.0 Charms
 - Level 9.0 Necromancy
 + Level 6.2 Air Magic
 - Level 12.1 Evocations


You had 10 spell levels left.
You knew the following spells:

 Your Spells              Type           Power        Failure   Level  Hunger
a - Animate Skeleton      Necr           N/A          1%          1    None
b - Animate Dead          Necr           N/A          12%         4    ####...
c - Agony                 Necr           ###.....     30%         5    ######.
d - Dispel Undead         Necr           ###.....     30%         5    ######.
e - Apportation           Tloc           #.........   41%         1    None
f - Flight                Chrm/Air       ##........   14%         3    ###....


Dungeon Overview and Level Annotations

Branches:
Dungeon (15/15)            Temple (1/1) D:5            Lair (8/8) D:9
 Shoals (5/5) Lair:6       Spider (5/5) Lair:3        Slime (2/6) Lair:8
    Orc (4/4) D:12            Elf (0/3) Orc:4        Vaults (0/5) D:14
 Depths: D:15

Altars:
Ashenzari
Cheibriados
Dithmenos
Elyvilon
Fedhas
Gozag
Kikubaaqudgha
Makhleb
Nemelex Xobeh
Okawaru
Qazlal
Ru
Sif Muna
Trog
Vehumet
Xom
Yredelemnul
Zin
The Shining One
Jiyva

Shops:
D:4 (   D:5 *   Orc:4 ([?(

Annotations:
D:4 Eustachio; SlimeFever's ghost, average DsGl
D:5 1 runed door
Shoals:2 Aizul; Frances
Shoals:4 Agnes; Saint Roka
Shoals:5 Ilsuiw
Abyss:1 Erolcha


Innate Abilities, Weirdness & Mutations

Your body is rotting away.
You thrive on raw meat.
You have sharp fingernails.
You are carnivorous and can eat meat at any time.
Your flesh is cold resistant.
You are immune to negative energy.
Your system is resistant to poisons.
You heal slowly when monsters are visible.
You are immune to unholy pain and torment.
You can survive without breathing.

Vault maps used:
D:1:      dpeg_arrival_houses_and_road, okawaru_ov_weapons_minmay
D:2:      wad_crossroads, lemuel_doored_altar
D:3:      old_standard_altar, trog_eyes_of_draining, uniq_sigmund
D:4:      serial_shops, kennysheep_mini_moat, gup_sewer_entry_spiral,
          nicolae_dithmenos_through_a_glass_darkly, uniq_menkaure,
          uniq_eustachio
D:5:      temple_garden, first_bread, serial_shops, shop_coins,
          lemuel_angel_altar
D:6:      kennysheep_little_box, zin_scriptorium, uniq_iyjb
D:8:      minivault_12
D:9:      vehumet_crystals, makhleb_altar_promises_db, erik_lair_orcish_takeover
D:10:     uniq_erolcha, uniq_sonja, uniq_harold
D:11:     the_bakery
D:12:     orc_0_dummy, portal_ice_cave_entry_ice_statue_01, elves_outpost_lemuel
D:13:     uniq_nessos
D:14:     david_vaults_4, solitary_fountain
D:15:     gammafunk_enter_depths_forms, nicolae_ru_awakened_eye
Temple:   minmay_crystal_spiral_temple_12
Lair:1:   lab_entry_generic, beast_lair_carwin_2
Lair:2:   kennysheep_abandoned_house, basic_altar, st_stairs_10
Lair:3:   gammafunk_lair_enchanted_lake, spider_nest_entry_web_field,
          minivault_27, infiniplex_staircase_pool, uniq_gastronok, uniq_rupert
Lair:4:   grunt_megastairs_3, bh_autumn_forest_stairs
Lair:5:   lemuel_fruit_tree, serial_bayou_shore_a
Lair:6:   elwin_shoals_entry_rooms
Lair:7:   grunt_megastairs_4
Lair:8:   wormcave, dpeg_slime_entry_enclosed_altar, fungi_pond_lemuel,
          serial_bayou_pond_e, st_stairs_5, patterned_corridor
Shoals:1: baited_tele_trap
Shoals:2: uniq_donald, uniq_polyphemus, uniq_aizul, uniq_frances
Shoals:4: centaur_isle, uniq_agnes, uniq_saint_roka, uniq_asterion, uniq_kirke
Shoals:5: shoals_end_simple, shoal_ilsuiw, uniq_norris
Spider:1: spiders_nest_spider_trap, uniq_louise
Spider:2: uniq_nikola
Spider:3: nicolae_spider_mines_3
Spider:4: uniq_arachne
Spider:5: grunt_spider_rune_circles, spider_trap
Orc:1:    trog_butcher_becter
Orc:2:    lightli_orcish_oven
Orc:3:    nicolae_orc_pool_cavern, mines4_lemuel
Orc:4:    st_orc_rangers
Lab:      nicolae_lab_swirl, nicolae_lab_t_cross, nicolae_lab_lava,
          nicolae_lab_garden, nicolae_lab_flowing_pool
Sewer:    sewer_minmay_treatment
IceCv:    ice_cave_caverns_02


Message History

Unknown command.
You miss the golden eye.
The golden eye is moderately wounded.
The walls burn you! You resist.
* * * LOW HITPOINT WARNING * * *
The slime creature barely misses you. The golden eye blinks at you.
You are more confused.
The slime creature hits you!
* * * LOW HITPOINT WARNING * * *
Drink which item? (? for menu, Esc to quit)
You feel much better. The walls burn you! You resist.
* * * LOW HITPOINT WARNING * * *
The slime creature hits you!
* * * LOW HITPOINT WARNING * * *
The golden eye blinks at you.
You are more confused.
The golden eye blinks!
The slime creature closely misses you. The slime creature closely misses you.
Unknown command.
You slice the slime creature!!
The slime creature is severely wounded.
The walls burn you! You resist.
* * * LOW HITPOINT WARNING * * *
The slime creature hits you but does no damage.
The golden eye blinks!
The slime creature hits you but does no damage.
Unknown command.
The golden eye blinks at you.
You are more confused.
The golden eye blinks at you.
You are more confused.
The slime creature barely misses you. The slime creature closely misses you.
Unknown command.
Press: ? - help, v - describe, . - travel
Here: a slime creature (heavily wounded)
The floor.
Unknown command.
You're too confused!
Unknown command.
Unknown command.
Drink which item? (? for menu, Esc to quit)
You feel agile all of a sudden. The golden eye blinks at you.
You resist with almost no effort. The slime creature misses you.
The slime creature barely misses you. x2
Unknown command.
Drink which item? (? for menu, Esc to quit)
You feel better. The slime creature barely misses you.
The slime creature misses you. The golden eye blinks at you.
You are confused.
The slime creature barely misses you.
Unknown command.
You're too confused to move!
The golden eye blinks!
The golden eye blinks at you.
You are more confused.
The slime creature misses you.
The slime creature completely misses you. x2
Unknown command.
You hit the slime creature.
There is a sudden explosion of sparks!
The slime creature is moderately wounded.
The golden eye blinks!
The slime creature hits you but does no damage. x2
Unknown command.
The walls burn you! You resist.
* * * LOW HITPOINT WARNING * * *
You hit the slime creature.
There is a sudden explosion of sparks!
The slime creature is moderately wounded.
The walls burn you! You resist.
* * * LOW HITPOINT WARNING * * *
The slime creature barely misses you.
The slime creature completely misses you.
You bump into the slime covered rock wall.
The walls burn you! You resist.
* * * LOW HITPOINT WARNING * * *
The slime creature hits you but does no damage.
The slime creature misses you.
The slime creature completely misses you.
Unknown command.
You slash the slime creature!
The slime creature is heavily wounded.
The walls burn you! You resist.
* * * LOW HITPOINT WARNING * * *
The golden eye blinks!
The slime creature completely misses you.
The slime creature hits you but does no damage.
Unknown command.
You slash the slime creature!
There is a sudden explosion of sparks!
The slime creature is almost dead.
The walls burn you! You resist.
* * * LOW HITPOINT WARNING * * *
The slime creature completely misses you.
Unknown command.
The walls burn you! You resist.
* * * LOW HITPOINT WARNING * * *
You feel less confused. The slime creature hits you!
You die...
Kikubaaqudgha rasps: "You have failed me!
Welcome... oblivion!"

#...#.......##
#.....<......##
##............##
###.#.#.G.....##
#............#
#............##
##.#......G####
.#.#.......J.##
............JJ@#
#.............##
##.#..#.#..###
##..###...# #...
##.## #.. ###


You could see 3 slime creatures and a golden eye.

Table legend:
 A = Kills in this place as a percentage of kills in entire the game.
 B = Kills by you in this place as a percentage of kills by you in the entire game.
 C = Kills by friends in this place as a percentage of kills by friends in the entire game.
 D = Other kills in this place as a percentage of other kills in the entire game.
 E = Experience gained in this place as a percentage of experience gained in the entire game.
 F = Experience gained in this place divided by the number of levels of this place that you have seen.
                   A       B       C       D       E      F
               +-------+-------+-------+-------+-------+----------------------
         Total | 100.0 | 100.0 | 100.0 | 100.0 | 100.0 | 6038.9
       Dungeon |  27.8 |  32.1 |   6.8 |  66.7 |  16.2 | 2799.1
          Lair |  20.6 |  19.7 |  25.3 |   0.0 |  21.0 | 6824.4
        Shoals |  10.5 |   8.7 |  19.4 |   0.0 |  25.1 | 13032.0
   Spider Nest |  15.8 |  11.5 |  36.3 |   0.0 |  25.8 | 13406.8
    Slime Pits |   0.8 |   1.0 |   0.0 |   0.0 |   1.1 | 1486.5
  Orcish Mines |  16.4 |  18.1 |   8.9 |   0.0 |   5.0 | 3256.5
     Labyrinth |   0.4 |   0.5 |   0.0 |   0.0 |   0.8 | 2190.0
         Sewer |   3.5 |   4.3 |   0.0 |   0.0 |   0.1 | 226.0
      Ice Cave |   4.1 |   4.1 |   3.4 |  33.3 |   4.8 | 12480.0
               +-------+-------+-------+-------+-------+----------------------

Vanquished Creatures
  Arachne (Spider:4)
  Nikola (Spider:2)
  Asterion (Shoals:3)
  Rupert (Lair:3)
  Donald (Shoals:2)
  A frost giant (IceCv)
  3 ghost moths (Spider:5)
  4 emperor scorpions
  Gastronok (Lair:3)
  The ghost of BLOAX the Cleaver, a powerful CeFi of Cheibriados (Lair:7)
  3 merfolk javelineers (Shoals:5)
  An ettin (Orc:4)
  A merfolk impaler (Shoals:5)
  A great orb of eyes (Slime:1)
  A minotaur (Lab)
  An ice dragon (Lair:8)
  Harold (D:10)
  5 hydras
  Nessos (D:13)
  4 centaur warriors
  2 merfolk avatars
  An alligator snapping turtle (Shoals:5)
  A satyr (Shoals:5)
  A tengu warrior (D:8)
  3 death yaks
  4 skeletal warriors (D:14)
  A deep elf summoner (D:12)
  2 unseen horrors
  An iron troll (D:14)
  10 sea snakes
  A lindwurm (Lair:8)
  6 griffons
  5 hill giants
  3 orc knights (Orc:4)
  3 manticores
  An orc sorcerer (Orc:3)
  7 harpies
  15 wolf spiders
  An ugly thing (D:11)
  2 orb spiders (Spider:4)
  6 water nymphs
  2 fauns
  3 cyclopes
  5 sirens
  12 elephants
  A moth of wrath (Spider:1)
  5 torpor snails
  2 black mambas
  7 spiny frogs
  An efreet (D:14)
  9 komodo dragons
  A kobold demonologist (D:15)
  2 fire drakes
  6 trolls
  9 demonic crawlers
  A blue devil (Orc:2)
  A two-headed ogre (D:14)
  29 merfolk
  3 wandering mushrooms (Lair:8)
  A giant leech (Lair:8)
  A wind drake (Shoals:5)
  Sonja (D:10)
  29 jumping spiders
  12 polar bears (IceCv)
  A boulder beetle (D:15)
  17 slime creatures
  4 shadows
  7 snapping turtles
  A trapdoor spider zombie (D:8)
  13 blink frogs
  11 tarantellas
  3 basilisks
  23 redbacks
  47 yaks
  A wyvern (D:13)
  A spriggan (D:11)
  9 trapdoor spiders
  3 water elementals (Shoals:5)
  A golden eye (Slime:2)
  2 hogs (Shoals:4)
  4 deep elf magi
  6 hippogriffs
  A hungry ghost (D:12)
  4 wargs
  A hippogriff (shapeshifter) (D:14)
  10 deep elf fighters (D:12)
  25 wolves
  4 vampire mosquitoes (D:12)
  Menkaure (D:4)
  8 water moccasins
  A soldier ant (D:14)
  35 orc warriors
  7 porcupines
  8 ice beasts
  3 sky beasts
  16 spiders
  A phantom (D:5)
  2 necrophages
  12 ogres
  6 wasps
  2 boring beetles
  18 centaurs
  Sigmund (D:3)
  16 giant frogs
  5 brain worms
  A gnoll sergeant (D:12)
  9 crocodiles
  A big kobold (Sewer)
  A wyvern skeleton (D:14)
  10 scorpions
  A water moccasin skeleton (D:9)
  16 wights
  A quasit (D:8)
  4 crimson imps
  5 centaur zombies
  A giant frog zombie (D:7)
  2 electric eels
  7 hounds
  7 iguanas
  14 orc priests
  7 jellies
  21 orc wizards
  4 hell rats
  7 worker ants
  10 sheep
  A killer bee zombie (D:9)
  Ijyb (D:6)
  A mummy (D:11)
  8 gnolls
  A worker ant zombie (D:5)
  27 adders
  29 river rats
  2 giant mites
  18 worms
  3 shadow imps
  An adder zombie (D:5)
  An adder skeleton (D:9)
  6 giant geckos
  4 oozes
  148 orcs
  3 ball pythons (Sewer)
  A bat skeleton (D:4)
  5 giant cockroaches
  30 hobgoblins
  8 quokkas
  12 bats
  A giant cockroach zombie (D:5)
  A giant gecko skeleton (D:6)
  A giant gecko zombie (D:8)
  4 giant newts
  2 giant spores
  14 goblins
  32 kobolds
  2 orc zombies (Orc:3)
  38 rats
  6 ballistomycetes
  5 fungi
  11 plants
1150 creatures vanquished.

Vanquished Creatures (collateral kills)
  Norris (Shoals:5)
  Kirke (Shoals:3)
  3 emperor scorpions (Spider:5)
  4 merfolk javelineers (Shoals:5)
  2 merfolk impalers
  A hydra (Lair:3)
  A merfolk avatar (Shoals:5)
  A satyr (Shoals:5)
  2 merfolk aquamancers (Shoals:5)
  A death yak (Lair:3)
  The ghost of DevastatorOne the Devastator, a powerful FeCj of Sif Muna (Lair:7)
  A centaur warrior (D:14)
  An orc high priest (Orc:3)
  4 sea snakes
  2 ice statues
  4 harpies
  8 griffons
  11 wolf spiders
  11 orb spiders
  3 fauns
  2 elephants (Lair:8)
  A hornet (Spider:2)
  5 sirens
  2 cyclopes
  A water nymph (Shoals:5)
  5 spiny frogs
  3 torpor snails
  2 black mambas
  7 demonic crawlers
  A fire drake (Lair:6)
  2 komodo dragons
  7 jumping spiders
  5 merfolk
  A two-headed ogre (D:14)
  4 polar bears (IceCv)
  A wind drake (Shoals:5)
  2 wandering mushrooms
  A giant leech (Lair:8)
  3 slime creatures (D:13)
  3 basilisks
  2 snapping turtles
  7 trapdoor spiders
  11 redbacks
  A hog (Shoals:4)
  9 tarantellas
  A wyvern (D:13)
  9 yaks
  A warg (Orc:3)
  3 hippogriffs
  2 porcupines
  16 spiders
  An orc warrior (Orc:4)
  A water moccasin (Lair:4)
  A sky beast (D:10)
  A wasp (Spider:3)
  2 ogres
  A centaur (D:14)
  3 crocodiles
  4 giant frogs
  A scorpion (Spider:5)
  A crimson imp (D:8)
  2 iguanas
  2 hounds
  2 orc wizards (Orc:3)
  An orc priest (Orc:3)
  2 sheep
  5 adders
  4 river rats
  2 worms (Lair:8)
  14 orcs
  2 quokkas
  2 rats (Lair:2)
  A ballistomycete (D:11)
  7 fungi
  6 plants
251 creatures vanquished.

Vanquished Creatures (others)
  5 wolf spider zombies
  5 drowned souls (Shoals:4)
  2 sea snake zombies (Shoals:5)
  An emperor scorpion zombie (Spider:5)
  9 redback zombies
  2 sea snake skeletons
  A death yak skeleton (Lair:4)
  2 demonic crawler zombies
  A harpy zombie (Shoals:3)
  3 harpy skeletons (Shoals:5)
  7 jumping spider zombies
  4 tarantella zombies (Spider:2)
  A griffon zombie (Lair:7)
  4 trapdoor spider zombies (Spider:5)
  2 griffon skeletons
  A tarantella (Spider:2)
  2 vampire mosquitoes (D:12)
  A wind drake zombie (Shoals:4)
  A yak (IceCv)
  A human (Shoals:4)
  A black mamba skeleton (Lair:8)
  A faun zombie (Shoals:4)
  2 water nymph zombies
  2 merfolk zombies (Shoals:4)
  3 spiny frog zombies
  9 merfolk skeletons
  3 orb spider zombies (Spider:5)
  3 spiny frog skeletons (Lair:3)
  A manticore zombie (Shoals:4)
  A spider (Spider:2)
  3 water nymph skeletons
  3 elephant zombies (Lair:8)
  An elephant skeleton (Lair:8)
  4 snapping turtle skeletons
  2 vampire mosquito zombies (D:12)
  2 manticore skeletons
  3 blink frog skeletons (Lair:5)
  2 hog skeletons (Shoals:4)
  A komodo dragon zombie (Lair:8)
  3 komodo dragon skeletons
  7 spider zombies
  A water moccasin zombie (Lair:8)
  A wyvern skeleton (D:13)
  A warg zombie (Orc:4)
  3 water moccasin skeletons
  3 yak zombies (IceCv)
  2 hippogriff skeletons
  8 polar bear zombies (IceCv)
  A polar bear skeleton (IceCv)
  5 yak skeletons
  A wolf zombie (Lair:5)
  2 centaur zombies
  A troll skeleton (D:13)
  6 wolf skeletons (IceCv)
  A wasp zombie (D:12)
  3 giant frog zombies
  A kobold zombie (D:15)
  2 elf zombies (D:12)
  A basilisk zombie (Lair:6)
  A centaur skeleton (Orc:4)
  3 giant frog skeletons
  A porcupine skeleton (Lair:5)
  A brain worm zombie (D:14)
  4 crocodile skeletons
  A hound zombie (Lair:3)
  An ogre zombie (Orc:4)
  2 worker ant zombies (D:12)
  3 worm zombies (Lair:8)
  An adder zombie (Lair:3)
  An iguana zombie (D:15)
  A sheep zombie (D:13)
  An adder skeleton (Lair:3)
  An iguana skeleton (Lair:3)
  2 sheep skeletons
  2 river rat zombies (Lair:2)
  A giant spore (D:7)
  2 hobgoblin skeletons
  A hobgoblin zombie (D:15)
  12 orc skeletons
  31 orc zombies
  2 quokka skeletons (Lair:3)
  A rat skeleton (Lair:2)
  3 river rat skeletons (Lair:1)
  7 fungi
  11 plants
  4 tentacles (Shoals:1)
  457 tentacle segments (Shoals:1)
  13 toadstools (Lair:3)
726 creatures vanquished.

Grand Total: 2127 creatures vanquished

Notes
Turn   | Place    | Note
--------------------------------------------------------------
     0 | D:1      | magipi, the Ghoul Gladiator, began the quest for the Orb.
     0 | D:1      | Reached XP level 1. HP: 17/17 MP: 1/1
   137 | D:1      | Found an iron altar of Okawaru.
   139 | D:1      | Reached skill level 3 in Axes
   260 | D:2      | Reached XP level 2. HP: 24/24 MP: 2/2
   501 | D:2      | Reached XP level 3. HP: 25/29 MP: 3/3
   527 | D:2      | Found a deep blue altar of Sif Muna.
   781 | D:2      | Reached XP level 4. HP: 16/36 MP: 3/3
  1038 | D:2      | Reached skill level 4 in Axes
  1438 | D:3      | Found a shattered altar of Ashenzari.
  1714 | D:3      | Noticed Sigmund
  1729 | D:3      | Killed Sigmund
  1729 | D:3      | Reached XP level 5. HP: 37/40 MP: 4/4
  1963 | D:4      | Noticed SlimeFever's ghost (average DsGl)
  2043 | D:4      | Found a shadowy altar of Dithmenos.
  2095 | D:4      | Noticed Menkaure
  2114 | D:4      | Killed Menkaure
  2114 | D:4      | Reached skill level 5 in Axes
  2114 | D:4      | Reached XP level 6. HP: 31/48 MP: 5/5
  2140 | D:4      | Found Gukaul's Weapon Emporium.
  2210 | D:4      | Got a bloodstained scale mail
  2279 | D:4      | Found a glowing drain.
  2283 | Sewer    | Entered a sewer
  2460 | Sewer    | Reached skill level 6 in Axes
  2517 | Sewer    | Reached XP level 7. HP: 48/55 MP: 5/5
  2974 | D:4      | Identified the +5 scale mail "Tyipojoe" {rF+ rCorr Dex+4} (You found it on level 4 of the Dungeon)
  2989 | D:4      | Noticed Eustachio
  3015 | D:5      | Entered Level 5 of the Dungeon
  3027 | D:5      | Noticed a rust devil
  3240 | D:5      | Noticed an angel
  3257 | D:5      | Found Skatruri's Assorted Antiques.
  3284 | D:5      | Found a glowing golden altar of the Shining One.
  3284 | D:5      | Found a runed door.
  3284 | D:5      | Noticed an angel
  3302 | D:5      | Bought a pair of glowing boots for 139 gold pieces
  3302 | D:5      | Bought a scroll labeled SIMPOC OWOA for 31 gold pieces
  3371 | D:5      | Reached skill level 7 in Axes
  3724 | D:5      | Reached XP level 8. HP: 61/61 MP: 6/6
  3732 | D:5      | Reached skill level 8 in Axes
  3744 | D:5      | Got a fine iron amulet
  3823 | D:5      | Found a staircase to the Ecumenical Temple.
  3834 | Temple   | Entered the Ecumenical Temple
  3969 | Temple   | Became a worshipper of Kikubaaqudgha
  4092 | D:6      | Noticed Ijyb
  4114 | D:6      | Killed Ijyb
  4179 | D:6      | Found a white marble altar of Elyvilon.
  4376 | D:6      | Found a glowing silver altar of Zin.
  4390 | D:6      | Identified the amulet of Zekhlese {+Rage SInv} (You found it on level 5 of the Dungeon)
  4500 | D:6      | Reached skill level 9 in Axes
  5073 | D:7      | Acquired Kikubaaqudgha's first power
  5073 | D:7      | Received a gift from Kikubaaqudgha
  5076 | D:7      | Reached skill level 10 in Axes
  5078 | D:7      | Identified Kikubaaqudgha's Catalogue of Darkness (Kikubaaqudgha gifted it to you on level 7 of the Dungeon)
  5081 | D:7      | Learned a level 1 spell: Animate Skeleton
  5214 | D:7      | Reached XP level 9. HP: 66/68 MP: 7/7
  5231 | D:7      | Reached skill level 1 in Armour
  5819 | D:5      | Bought a blackened bone wand for 124 gold pieces
  5986 | D:8      | Noticed an unseen horror
  5986 | D:8      | Noticed a tengu warrior
  6398 | D:9      | Reached skill level 5 in Fighting
  6426 | D:9      | Found a radiant altar of Vehumet.
  6557 | D:9      | Found a staircase to the Lair.
  6567 | D:9      | Acquired Kikubaaqudgha's second power
  6774 | D:9      | Reached skill level 5 in Armour
  6824 | D:9      | Reached XP level 10. HP: 80/84 MP: 7/7
  7061 | D:9      | Found a burning altar of Makhleb.
  7061 | D:9      | Noticed an Executioner
  7064 | D:9      | Noticed a hellwing
  7064 | D:9      | Noticed a smoke demon
  7130 | D:10     | Entered Level 10 of the Dungeon
  7215 | D:10     | Noticed a centaur warrior
  7233 | D:10     | Killed a centaur warrior
  7294 | D:10     | Noticed Erolcha
  7327 | D:10     | Noticed Harold
  7359 | D:10     | Killed Harold
  7485 | Lair:1   | Entered Level 1 of the Lair of Beasts
  7497 | Lair:1   | Found a labyrinth entrance.
  7519 | Lab      | Entered a labyrinth
  7702 | Lab      | Found an exit through the horrors of the Abyss.
  7755 | Lab      | Found an exit through the horrors of the Abyss.
  7930 | Lab      | Found an exit through the horrors of the Abyss.
  8049 | Lab      | Reached skill level 5 in Necromancy
  8152 | Lab      | Reached XP level 11. HP: 79/94 MP: 8/8
  8332 | Lab      | Noticed a minotaur
  8349 | Lab      | Killed a minotaur
  8405 | Lair:1   | Noticed a black mamba
  8413 | Lair:1   | Killed a black mamba
  8647 | Lair:1   | Received a gift from Kikubaaqudgha
  8656 | Lair:1   | Identified Kikubaaqudgha's Guide on Dark Secrets (Kikubaaqudgha gifted it to you on level 1 of the Lair of Beasts)
  8662 | Lair:1   | Learned a level 4 spell: Animate Dead
  9017 | Lair:2   | Found an opulent altar of Gozag.
  9218 | Lair:2   | Reached skill level 1 in Spellcasting
  9322 | Lair:2   | Reached skill level 5 in Dodging
  9447 | Lair:2   | Acquired Kikubaaqudgha's third power
  9583 | Lair:3   | Noticed a seven-headed hydra
  9600 | Lair:3   | Noticed Gastronok
  9922 | Lair:3   | Noticed a four-headed hydra
  9930 | Lair:3   | Killed a four-headed hydra
  9948 | Lair:3   | Killed a seven-headed hydra
  9948 | Lair:3   | Reached skill level 1 in Evocations
  9948 | Lair:3   | Reached XP level 12. HP: 85/102 MP: 18/20
 10122 | Lair:3   | Killed Gastronok
 10182 | Lair:3   | Noticed Rupert
 10209 | Lair:3   | Killed Rupert
 10209 | Lair:3   | Reached skill level 5 in Spellcasting
 10236 | Lair:3   | Found a hole to the Spider Nest.
 10484 | Lair:4   | Noticed a death yak
 10484 | Lair:4   | Noticed a death yak
 10485 | Lair:4   | Noticed a death yak
 10513 | Lair:4   | Killed a death yak
 10513 | Lair:4   | Reached skill level 5 in Evocations
 10557 | Lair:3   | Killed a death yak
 10813 | D:8      | Killed a tengu warrior
 10829 | D:8      | Killed an unseen horror
 10856 | D:8      | Acquired Kikubaaqudgha's fourth power
 10919 | D:8      | Identified a cursed +2 rod of shadows (14/14) (You found it on level 8 of the Dungeon)
 10923 | D:8      | Got a brightly glowing cloak
 10929 | D:8      | Identified the -2 cloak of the Beekeeper {rPois rF- rC- MP+9 Str+2} (You found it on level 8 of the Dungeon)
 11124 | Lair:4   | Killed a death yak
 11430 | Lair:4   | Reached XP level 13. HP: 58/108 MP: 25/25
 11639 | Lair:4   | Got an ichor-stained shield
 11938 | Lair:5   | Reached skill level 10 in Evocations
 12519 | Lair:6   | Reached skill level 11 in Evocations
 12717 | Lair:6   | Identified the cursed -5 shield of Qorghicrie {Str+2} (You found it on level 4 of the Lair of Beasts)
 12760 | Lair:6   | Found a staircase to the Shoals.
 12964 | Lair:7   | Noticed BLOAX's ghost (powerful CeFi)
 12981 | Lair:7   | Killed BLOAX's ghost
 13051 | Lair:7   | Noticed DevastatorOne's ghost (powerful FeCj)
 13058 | Lair:7   | Killed DevastatorOne's ghost
 13058 | Lair:7   | Reached skill level 12 in Evocations
 13703 | Lair:8   | Entered Level 8 of the Lair of Beasts
 13811 | Lair:8   | Reached XP level 14. HP: 103/118 MP: 25/27
 14068 | Lair:8   | Found a viscous altar of Jiyva.
 14068 | Lair:8   | Found a staircase to the Slime Pits.
 14366 | Lair:8   | Found a runed door.
 14458 | Lair:8   | Reached skill level 10 in Fighting
 14923 | D:10     | Noticed a hill giant
 14951 | D:10     | Killed a hill giant
 15074 | D:10     | Noticed Sonja
 15083 | D:10     | Killed Sonja
 15170 | D:10     | Banished Erolcha
 15439 | D:11     | Got a pair of scorched gloves
 15450 | D:11     | Identified the cursed -2 pair of gloves of Sumyoxuf {rPois rN+ MR- Int-3 Stlth+} (You found it on level 11 of the Dungeon)
 16075 | D:12     | Found a frozen archway.
 16183 | IceCv    | Entered an ice cave
 16733 | IceCv    | Reached XP level 15. HP: 94/127 MP: 14/28
 16828 | IceCv    | Noticed a frost giant
 16888 | IceCv    | Killed a frost giant
 16908 | IceCv    | Identified the Collected Works on Cold
 17277 | D:12     | Found a staircase to the Orcish Mines.
 17437 | Orc:1    | Entered Level 1 of the Orcish Mines
 17533 | Orc:1    | Found a bloodstained altar of Trog.
 18981 | Orc:4    | Entered Level 4 of the Orcish Mines
 18996 | Orc:4    | Found a staircase to the Elven Halls.
 19425 | Orc:4    | Reached skill level 10 in Dodging
 19837 | Orc:4    | Found Fris' Magic Scroll Boutique.
 19837 | Orc:4    | Found Seur's Armour Shoppe.
 19840 | Orc:4    | Found Pnuyronk's Weapon Emporium.
 19842 | Orc:4    | Found Xuyhu's Weapon Shop.
 19979 | Orc:4    | Bought a +0 cloak for 49 gold pieces
 19985 | Orc:4    | Bought a scroll of fog for 26 gold pieces
 19985 | Orc:4    | Bought a scroll of identify for 26 gold pieces
 19985 | Orc:4    | Bought a scroll of magic mapping for 45 gold pieces
 19985 | Orc:4    | Bought a scroll of magic mapping for 45 gold pieces
 19985 | Orc:4    | Bought a scroll of identify for 26 gold pieces
 19985 | Orc:4    | Bought a scroll of identify for 26 gold pieces
 19985 | Orc:4    | Bought a scroll of blinking for 97 gold pieces
 19988 | Orc:4    | Identified a scroll of acquirement
 20210 | D:13     | Reached skill level 13 in Axes
 20244 | D:13     | Noticed Nessos
 20259 | D:13     | Killed Nessos
 21052 | D:14     | Reached skill level 10 in Armour
 21486 | D:14     | Learned a level 5 spell: Agony
 21492 | D:14     | Learned a level 5 spell: Dispel Undead
 21651 | D:14     | Found a gate to the Vaults.
 21693 | D:15     | Entered Level 15 of the Dungeon
 22127 | Spider:1 | Entered Level 1 of the Spider Nest
 22495 | Spider:2 | Reached XP level 16. HP: 116/134 MP: 15/29
 22574 | Spider:2 | Noticed Nikola
 22589 | Spider:2 | Killed Nikola
 22675 | Spider:2 | Learned a level 3 spell: Flight
 22864 | Spider:3 | Reached skill level 14 in Axes
 23367 | Spider:4 | Noticed Arachne
 23445 | Spider:4 | Killed Arachne
 24440 | Spider:5 | Entered Level 5 of the Spider Nest
 24482 | Spider:5 | Reached skill level 15 in Axes
 25047 | Spider:5 | Reached XP level 17. HP: 117/144 MP: 27/30
 25395 | Spider:5 | Got a gossamer rune of Zot
 25710 | Shoals:1 | Entered Level 1 of the Shoals
 25995 | Shoals:1 | Reached skill level 1 in Air Magic
 26005 | Shoals:1 | Reached skill level 1 in Charms
 26380 | Shoals:2 | Noticed Donald
 26415 | Shoals:2 | Killed Donald
 26558 | Shoals:2 | Noticed Aizul
 26559 | Shoals:2 | Noticed Frances
 26895 | Shoals:3 | Reached skill level 16 in Axes
 26960 | Shoals:3 | Got a polished battleaxe
 26961 | Shoals:3 | Identified the -2 battleaxe "Yfinaed" {flame, rF+ rN+ Str+6 Int-4} (You acquired it on level 3 of the Shoals)
 27396 | Shoals:4 | Noticed Kirke
 27422 | Shoals:3 | Killed Kirke
 27547 | Shoals:4 | Noticed Agnes
 27568 | Shoals:4 | Noticed Asterion
 27703 | Shoals:3 | Killed Asterion
 27714 | Shoals:5 | Entered Level 5 of the Shoals
 27745 | Shoals:5 | Got a crystal battleaxe
 27746 | Shoals:5 | Identified the +5 battleaxe "Acarinebane" {chop, +Rage rN+ SInv} (You found it on level 5 of the Shoals)
 28162 | Shoals:5 | Noticed Ilsuiw
 28359 | Shoals:5 | Got a warped silver ring
 28360 | Shoals:5 | Identified the ring "Decuash" {AC+1 SInv} (You found it on level 5 of the Shoals)
 28750 | Shoals:5 | Noticed Norris
 28765 | Shoals:4 | Noticed Saint Roka
 28949 | Shoals:5 | Reached skill level 5 in Charms
 29164 | Shoals:5 | Reached skill level 5 in Air Magic
 29185 | Shoals:5 | Learned a level 1 spell: Apportation
 29241 | Shoals:5 | Reached XP level 18. HP: 128/154 MP: 25/31
 29400 | Shoals:5 | Got a barnacled rune of Zot
 29424 | Shoals:5 | Paralysed by Norris for 3 turns
 29447 | Shoals:5 | Killed Norris
 29777 | Slime:1  | Entered Level 1 of the Pits of Slime
 29942 | Slime:2  | Slain by a slime creature

Action                   |  1- 3 |  4- 6 |  7- 9 | 10-12 | 13-15 | 16-18 || total
-------------------------+-------+-------+-------+-------+-------+-------++-------
Melee: War axe           |   105 |   190 |   589 |    80 |    11 |       ||   975
       Hand axe          |       |       |       |   599 |  2095 |  1534 ||  4228
       Battleaxe         |       |       |       |       |    16 |    87 ||   103
 Fire: Blowgun           |       |       |       |    15 |     5 |     8 ||    28
Throw: Throwing net      |     2 |     4 |     9 |     2 |       |       ||    17
       Javelin           |       |       |     5 |     2 |     9 |       ||    16
 Cast: Animate Skeleton  |       |       |       |    31 |    87 |    47 ||   165
       Animate Dead      |       |       |       |     9 |    70 |    28 ||   107
       Flight            |       |       |       |       |       |     4 ||     4
Invok: Receive Corpses   |       |       |       |       |     1 |     3 ||     4
Evoke: Wand              |       |       |     2 |    13 |    26 |    21 ||    62
  Use: Scroll            |       |    12 |    12 |    11 |    21 |    19 ||    75
       Potion            |       |       |     1 |     2 |     5 |    24 ||    32
 Stab: Held in net/web   |       |       |     5 |     1 |       |       ||     6
       Distracted        |       |       |       |     3 |    15 |    16 ||    34
       Paralysed         |       |       |       |       |     8 |       ||     8
  Eat: Chunk             |     5 |    20 |    51 |    64 |   161 |   169 ||   470

Action                   |  1- 3 |  4- 6 |  7- 9 | 10-12 | 13-15 | 16-18 || total
-------------------------+-------+-------+-------+-------+-------+-------++-------
Melee: War axe           |   105 |   190 |   589 |    80 |    11 |       ||   975
       Hand axe          |       |       |       |   599 |  2095 |  1534 ||  4228
       Battleaxe         |       |       |       |       |    16 |    87 ||   103
 Fire: Blowgun           |       |       |       |    15 |     5 |     8 ||    28
Throw: Throwing net      |     2 |     4 |     9 |     2 |       |       ||    17
       Javelin           |       |       |     5 |     2 |     9 |       ||    16
 Cast: Animate Skeleton  |       |       |       |    31 |    87 |    47 ||   165
       Animate Dead      |       |       |       |     9 |    70 |    28 ||   107
       Flight            |       |       |       |       |       |     4 ||     4
Invok: Receive Corpses   |       |       |       |       |     1 |     3 ||     4
Evoke: Wand              |       |       |     2 |    13 |    26 |    21 ||    62
  Use: Scroll            |       |    12 |    12 |    11 |    21 |    19 ||    75
       Potion            |       |       |     1 |     2 |     5 |    24 ||    32
 Stab: Held in net/web   |       |       |     5 |     1 |       |       ||     6
       Distracted        |       |       |       |     3 |    15 |    16 ||    34
       Paralysed         |       |       |       |       |     8 |       ||     8
  Eat: Chunk             |     5 |    20 |    51 |    64 |   161 |   169 ||   470

Action                   |  1- 3 |  4- 6 |  7- 9 | 10-12 | 13-15 | 16-18 || total
-------------------------+-------+-------+-------+-------+-------+-------++-------
Melee: War axe           |   105 |   190 |   589 |    80 |    11 |       ||   975
       Hand axe          |       |       |       |   599 |  2095 |  1534 ||  4228
       Battleaxe         |       |       |       |       |    16 |    87 ||   103
 Fire: Blowgun           |       |       |       |    15 |     5 |     8 ||    28
Throw: Throwing net      |     2 |     4 |     9 |     2 |       |       ||    17
       Javelin           |       |       |     5 |     2 |     9 |       ||    16
 Cast: Animate Skeleton  |       |       |       |    31 |    87 |    47 ||   165
       Animate Dead      |       |       |       |     9 |    70 |    28 ||   107
       Flight            |       |       |       |       |       |     4 ||     4
Invok: Receive Corpses   |       |       |       |       |     1 |     3 ||     4
Evoke: Wand              |       |       |     2 |    13 |    26 |    21 ||    62
  Use: Scroll            |       |    12 |    12 |    11 |    21 |    19 ||    75
       Potion            |       |       |     1 |     2 |     5 |    24 ||    32
 Stab: Held in net/web   |       |       |     5 |     1 |       |       ||     6
       Distracted        |       |       |       |     3 |    15 |    16 ||    34
       Paralysed         |       |       |       |       |     8 |       ||     8
  Eat: Chunk             |     5 |    20 |    51 |    64 |   161 |   169 ||   470
